AoeStats
← infolutz

Black Forest

509962909Analyzed
3v3 RM · 4d ago on Sep 28, 2026· 54m 45s· 6 players
Game mode
Random Map
Map size
Normal (6 player)
Population
200
Speed
Normal
Resources
Standard
Victory
Conquest
Starting age
Dark Age
Ending age
Imperial Age
RankedLock teamsTeams togetherTeam positionsShared explorationLock speedFull tech treeHidden civsTurbo modeCheats
Victory
Defeat
🇧🇷 Goths · Brazil
820
+15
🇩🇪 Byzantines · Germany
802
+15
🇧🇷 Celts · Brazil
793
+16
🇬🇧 Varangians · United Kingdom
811
-16
🇬🇧 Saxons · United Kingdom
807
-16
🇬🇧 Danes · United Kingdom
756
-14
normalnocturnal
3:53 Loom
13:15 Feudal Age
13:47 Horse Collar
13:55 Double-Bit Axe
14:18 Man-at-Arms
16:45 Forging
18:49 Wheelbarrow
18:17 Arson
23:36 Castle Age
23:56 Gold Mining
24:06 Stone Mining
25:19 Hand Cart
25:35 Bloodlines
25:28 Husbandry
27:20 Iron Casting
26:50 Scale Barding Armor
27:31 Bow Saw
29:15 Heavy Plow
29:29 Caravan
30:58 Gambesons
31:15 Squires
30:38 Long Swordsman
33:04 Stone Shaft Mining
33:33 Chain Barding Armor
33:16 Scale Mail Armor
33:15 Treadmill Crane
38:10 Imperial Age
38:06 Coinage
38:13 Cavalier
39:31 Plate Barding Armor
40:08 Blast Furnace
39:11 Vendel Legacy
40:13 Conscription
39:27 Pikeman
46:53 Conscription
47:26 Chain Mail Armor
47:01 Fletching
47:12 Padded Archer Armor
48:16 Elite Jarl
50:33 Crop Rotation
51:06 Two-Man Saw
50:31 Bodkin Arrow
50:53 Leather Archer Armor
51:08 Plate Mail Armor
50:14 Elite Varangian Guard
54:02 Gothikon
ChrisVoor
1:02 Loom
11:59 Feudal Age
13:04 Horse Collar
13:13 Double-Bit Axe
15:12 Stone Mining
15:13 Gold Mining
17:27 Town Watch
22:23 Castle Age
22:19 Forging
22:10 Scale Mail Armor
22:01 Fletching
24:06 Bow Saw
24:01 Heavy Plow
24:32 Bodkin Arrow
28:36 Iron Casting
27:53 Gambesons
28:50 Squires
29:19 Murder Holes
29:06 Treadmill Crane
30:26 Wheelbarrow
30:01 Pikeman
31:23 Ballistics
31:15 Masonry
35:06 Imperial Age
32:52 Caravan
34:45 Hand Cart
35:32 Chain Mail Armor
36:39 Conscription
36:29 Shield Wall
36:54 Elite Varangian Guard
38:34 Town Patrol
43:06 Elite Hearth Troop
44:22 Hoardings
44:55 Chemistry
44:26 Architecture
43:59 Bracer
44:30 Plate Mail Armor
43:46 Halberdier
46:25 Gold Shaft Mining
46:36 Cavalier
47:27 Bloodlines
47:22 Husbandry
46:52 Onager
48:46 Scale Barding Armor
WarMachine
2:20 Loom
12:15 Feudal Age
12:52 Double-Bit Axe
14:42 Horse Collar
15:03 Gold Mining
17:12 Stone Mining
22:36 Castle Age
23:29 Heavy Plow
25:17 Gold Shaft Mining
25:21 Stone Shaft Mining
31:31 Gambesons
31:47 Squires
32:19 Forging
32:10 Scale Mail Armor
32:54 Arson
35:19 Bow Saw
38:39 Imperial Age
36:34 Hamask
36:57 Pikeman
37:39 Murder Holes
38:07 Ballistics
39:42 Iron Casting
39:23 Chain Mail Armor
39:36 Elite Jomsviking
40:33 Halberdier
42:42 Conscription
42:39 Elite Varangian Guard
54:24 Blast Furnace
53:55 Plate Mail Armor
53:31 Scale Barding Armor
Lorkan
0:46 Loom
14:53 Feudal Age
21:05 Castle Age
34:59 Imperial Age
35:07 Heavy Camel Rider
36:03 Forging
35:58 Scale Barding Armor
37:25 Wheelbarrow
37:58 Iron Casting
38:39 Chain Barding Armor
40:21 Plate Barding Armor
46:04 Elite Cataphract
47:00 Logistica
49:55 Light Cavalry
51:56 Chemistry
infolutz
0:30 Loom
13:15 Feudal Age
17:19 Double-Bit Axe
22:10 Castle Age
20:57 Horse Collar
21:12 Stone Mining
21:15 Gold Mining
23:19 Wheelbarrow
25:31 Bow Saw
28:53 Pikeman
34:48 Imperial Age
33:15 Hand Cart
34:15 Stronghold
34:30 Heavy Plow
34:24 Fletching
34:34 Padded Archer Armor
34:27 Town Watch
35:25 Husbandry
36:49 Scale Barding Armor
36:46 Scale Mail Armor
36:22 Heavy Scorpion
37:21 Capped Ram
38:38 Siege Engineers
39:39 Chemistry
38:05 Elite Skirmisher
38:37 Cavalier
39:30 Onager
40:50 Gambesons
43:26 Siege Ram
44:30 Furor Celtica
49:33 Paladin
52:08 Halberdier
53:21 Chain Barding Armor
53:17 Chain Mail Armor
53:13 Forging
52:59 Bodkin Arrow
53:19 Leather Archer Armor
53:36 Siege Onager
warrior 107574
0:32 Loom
11:24 Feudal Age
12:47 Horse Collar
13:21 Double-Bit Axe
14:05 Gold Mining
14:08 Stone Mining
15:00 Wheelbarrow
14:12 Town Watch
21:11 Castle Age
19:34 Fletching
19:46 Scale Mail Armor
19:58 Forging
23:58 Stone Shaft Mining
24:26 Heavy Plow
27:18 Bow Saw
27:54 Hand Cart
31:59 Bodkin Arrow
32:20 Chain Mail Armor
32:42 Iron Casting
33:53 Anarchy
34:01 Squires
33:22 Man-at-Arms
33:24 Pikeman
38:13 Imperial Age
39:09 Perfusion
39:31 Conscription
39:46 Crop Rotation
40:21 Two-Man Saw
39:01 Elite Huskarl
43:00 Halberdier
48:43 Blast Furnace
48:43 Bracer
Connection lost

Rejoining the realm…

Still unreachable

The connection could not be restored.

Session expired

The server has moved on; the page needs a fresh start.